Devils vs Maple Leafs
(R1)
Created - November 9, 2017 at 19:04
Goals
|
| Devils |
0 |
1 |
2 |
3 |
| Maple Leafs |
0 |
0 |
1 |
1 |
|
Shots
|
| Devils |
17 |
7 |
15 |
39 |
| Maple Leafs |
5 |
12 |
7 |
24 |
|
1st period
No Goal
Penalties :
Tyler Cuma (NJD) for Holding (Minor) at 4:42, Gilbert Brule (Tor) for Hooking (Minor) at 9:29, Gilbert Brule (Tor) for Slashing (Double Minor) at 15:50
2nd period
1. Devils , Jordan Eberle 4 (Ilya Kovalchuk 5, Shea Weber 2) at 1:52 (PP)
Penalties :
Fabian Brunnstrom (Tor) for Hooking (Minor) at 0:37, Gilbert Brule (Tor) for Slashing (Minor) at 14:15, Brandon Bollig (NJD) for Tripping (Minor) at 19:59
3rd period
2. Maple Leafs , Claude Giroux 5 (Jordan Staal 4, Alexander Frolov 3) at 10:24 (PP)
3. Devils , Jonathan Toews 3 (Adam Larsson 3, Ryan Whitney 4) at 11:00
4. Devils , Ilya Kovalchuk 12 (Jordan Eberle 7, Jonathan Toews 3) at 17:55 (PP)
Penalties :
Ilya Kovalchuk (NJD) for Interference (Minor) at 7:12, Adam Pardy (NJD) for Hooking (Minor) at 10:08, Claude Giroux (Tor) for Hooking (Minor) at 12:49, Blake Comeau (Tor) for Goalie Interference (Minor) at 17:13, Erik Christensen (NJD) for Interference (Minor) at 18:09
Goalie Stats
James Reimer (NJD), 23 saves from 24 shots - (0.958), W, 5-2-0, 60:00 minutes
Marc-André Fleury (Tor), 36 saves from 39 shots - (0.923), L, 6-4-1, 60:00 minutes
Players Stats for Devils
Player Name G A P +/- PIM S H SB GA TA FO MP PP MP PK MP
------------------------------------------------------------------------------------
Adam Larsson 0 1 1 1 0 0 4 0 0 1 0/0 17:53 4:26 1:36
Adam Pardy 0 0 0 0 2 1 1 2 0 0 0/0 17:02 1:16 3:46
Anthony Stewart 0 0 0 0 0 0 0 0 0 0 0/0 9:26 0:47 2:22
Brad Richardson 0 0 0 0 0 3 1 0 1 0 2/3 11:24 0:36 0:00
Brandon Bollig 0 0 0 0 2 0 1 0 0 0 0/0 5:35 0:00 0:00
Dominic Moore 0 0 0 0 0 1 0 1 1 0 2/7 10:21 0:17 4:15
Erik Christensen 0 0 0 0 2 4 0 0 2 0 4/9 9:56 0:00 0:00
Ilya Kovalchuk 1 1 2 0 2 9 1 0 0 1 0/2 22:35 7:06 1:38
Jonathan Toews 1 1 2 1 0 5 1 0 0 0 10/17 17:04 7:06 0:00
Jordan Eberle 1 1 2 1 0 7 3 2 0 1 0/0 21:12 7:06 3:39
Kellan Lain 0 0 0 0 0 1 2 0 0 0 0/0 13:07 0:50 1:33
Kyle Cumiskey 0 0 0 0 0 0 1 1 0 0 0/0 10:46 0:32 0:07
Matt Duchene 0 0 0 0 0 0 5 1 0 1 11/19 19:59 3:57 2:39
Ryan Whitney 0 1 1 0 0 1 1 1 0 2 0/0 24:23 4:17 4:02
Shea Weber 0 1 1 1 0 3 3 1 0 1 0/0 24:07 6:20 3:54
Steve Downie 0 0 0 0 0 1 2 4 0 0 0/2 16:34 3:57 0:00
Ted Purcell 0 0 0 1 0 2 2 0 0 0 1/1 13:55 3:57 0:00
Tyler Cuma 0 0 0 0 2 1 5 1 1 0 0/0 26:33 6:55 2:41
Players Stats for Maple Leafs
Player Name G A P +/- PIM S H SB GA TA FO MP PP MP PK MP
------------------------------------------------------------------------------------
Alexander Frolov 0 1 1 0 0 0 1 0 1 0 0/0 20:20 4:28 2:09
Blake Comeau 0 0 0 0 2 1 0 0 0 0 0/1 9:12 0:00 3:10
Braydon Coburn 0 0 0 -1 0 1 2 2 1 2 0/0 27:00 3:40 6:34
Claude Giroux 1 0 1 0 2 4 2 0 1 0 1/1 23:18 4:28 4:57
Colby Armstrong 0 0 0 0 0 1 2 0 0 0 0/0 10:03 0:00 0:00
Eric Nystrom 0 0 0 0 0 1 0 1 2 0 0/0 9:53 0:00 3:41
Evgeny Grachev 0 0 0 0 0 1 3 0 0 0 4/12 10:03 0:00 0:00
Fabian Brunnstrom 0 0 0 -1 2 1 0 0 0 0 0/1 13:20 3:35 0:00
Gilbert Brule 0 0 0 0 8 1 1 2 1 0 11/24 19:25 3:35 1:17
Jamie Benn 0 0 0 0 0 2 1 0 0 1 0/0 10:59 0:00 0:36
John Klingberg 0 0 0 0 0 2 0 0 0 0 0/0 15:40 3:40 0:00
Jordan Staal 0 1 1 -1 0 1 0 2 0 0 13/20 20:54 4:28 6:24
Marc-Édouard Vlasic 0 0 0 -1 0 2 0 0 1 1 0/0 26:11 4:23 5:19
Michael Grabner 0 0 0 -1 0 1 1 2 0 0 0/0 13:21 3:35 0:00
Ryan Parent 0 0 0 0 0 1 1 1 0 0 0/0 16:04 0:00 5:19
Taylor Chorney 0 0 0 0 0 0 0 0 0 1 0/0 10:14 0:00 0:00
Tobias Enstrom 0 0 0 0 0 2 2 1 0 0 0/0 24:51 4:23 6:34
Zac Dalpe 0 0 0 0 0 2 1 0 0 0 1/1 7:13 0:00 1:32
3 Stars
1 - Jordan Eberle (NJD)
2 - Jonathan Toews (NJD)
3 - James Reimer (NJD)
Power Play
Devils - 2 on 7 Attempt(s) - 28.57%
Maple Leafs - 1 on 5 Attempt(s) - 20.00%
Penalty Kill
Devils - 4 on 5 Attempt(s) - 80.00%
- Score 0 goal in Penalty Kill
Maple Leafs - 5 on 7 Attempt(s) - 71.43%
- Score 0 goal in Penalty Kill
Team Stat
Devils - Hits : 33 - Faceoff Wins : 30 - Blocked Shots : 14 - Penalty Minutes : 10
Maple Leafs - Hits : 17 - Faceoff Wins : 30 - Blocked Shots : 11 - Penalty Minutes : 14
Official
Referees : Kimmerly Greg and Dwyer Gord
Linesman : Vaughan Rody and David Brisebois
Game Notes
No Game Note
Finance
Level 1 -- Attendance: 5240 (87.33%) -- Ticket Income $471,600
Level 2 -- Attendance: 5000 (100.00%) -- Ticket Income $275,000
Level 3 -- Attendance: 2000 (100.00%) -- Ticket Income $72,000
Level 4 -- Attendance: 4000 (100.00%) -- Ticket Income $100,000
Luxury Box -- Attendance: 1000 (100.00%) -- Ticket Income $155,000
Game was played at the Maple Leafs Garden.
Total Attendance: 17240 (95.78%)
Total Ticket Income: $1,073,600
Other Income: $161,040
Total Income: $1,234,640
Devils
5 vs 5 Forward
Center Left Wing Right Wing Time % Phy DF OF
1 Matt Duchene Ilya Kovalchuk Steve Downie 40 0 2 3
2 Jonathan Toews Ted Purcell Jordan Eberle 30 0 2 3
3 Erik Christensen Kellan Lain Brad Richardson 20 1 2 2
4 Dominic Moore Brandon Bollig Anthony Stewart 10 1 2 2
5 vs 5 Defense
Defense Defense Time % Phy DF OF
1 Ryan Whitney Tyler Cuma 40 1 2 2
2 Shea Weber Adam Larsson 30 1 2 2
3 Kyle Cumiskey Adam Pardy 20 1 2 2
4 Adam Pardy Shea Weber 10 1 2 2
PowerPlay Forward
Center Left Wing Right Wing Time % Phy DF OF
1 Jonathan Toews Ilya Kovalchuk Jordan Eberle 60 0 1 4
2 Matt Duchene Ted Purcell Steve Downie 40 0 1 4
PowerPlay Defense
Defense Defense Time % Phy DF OF
1 Shea Weber Tyler Cuma 60 1 2 2
2 Ryan Whitney Adam Larsson 40 1 2 2
Penalty Kill 4 Players Forward
Center Wing Time % Phy DF OF
1 Dominic Moore Jordan Eberle 60 1 2 2
2 Matt Duchene Ilya Kovalchuk 40 1 2 2
Penalty Kill 4 Players Defense
Defense Defense Time % Phy DF OF
1 Ryan Whitney Adam Pardy 60 1 2 2
2 Shea Weber Tyler Cuma 40 1 2 2
Penalty Kill - 3 Players Forward
Forward Time % Phy DF OF
1 Ilya Kovalchuk 60 1 2 2
2 Jordan Eberle 40 1 2 2
Penalty Kill - 3 Players Defense
Defense Defense Time % Phy DF OF
1 Shea Weber Adam Pardy 60 1 2 2
2 Ryan Whitney Tyler Cuma 40 1 2 2
4 vs 4 Forward
Center Wing Time % Phy DF OF
1 Dominic Moore Jordan Eberle 60 1 2 2
2 Matt Duchene Ilya Kovalchuk 40 1 2 2
4 vs 4 Defense
Defense Defense Time % Phy DF OF
1 Shea Weber Kyle Cumiskey 60 1 2 2
2 Ryan Whitney Tyler Cuma 40 1 2 2
Last Minutes Offensive
Center Left Wing Right Wing Defense Defense
Matt Duchene Ilya Kovalchuk Jordan Eberle Shea Weber Tyler Cuma
Last Minutes Defensive
Center Left Wing Right Wing Defense Defense
Matt Duchene Ilya Kovalchuk Jordan Eberle Shea Weber Adam Pardy
Goaltenders
Starting : James Reimer
Backup : Cam Ward
Extra Forwards
Normal : Brad Richardson, Kellan Lain, Anthony Stewart - PP : Brad Richardson, Kellan Lain - PK : Anthony Stewart
Extra Defensemen
Normal : Adam Larsson, Tyler Cuma, Ryan Whitney - PP : Adam Larsson - PK : Tyler Cuma, Ryan Whitney
Penalty Shots
Ilya Kovalchuk, Jordan Eberle, Matt Duchene, Jonathan Toews, Ted Purcell
Scratches
Mike Komisarek (Suspend), Steve Ott (Healthy)
Maple Leafs
5 vs 5 Forward
Center Left Wing Right Wing Time % Phy DF OF
1 Gilbert Brule Alexander Frolov Claude Giroux 40 0 1 4
2 Jordan Staal Fabian Brunnstrom Michael Grabner 30 0 2 3
3 Evgeny Grachev Jamie Benn Colby Armstrong 20 0 2 3
4 Zac Dalpe Eric Nystrom Blake Comeau 10 0 3 2
5 vs 5 Defense
Defense Defense Time % Phy DF OF
1 Marc-Édouard Vlasic Braydon Coburn 40 0 2 3
2 Tobias Enstrom John Klingberg 30 0 2 3
3 Ryan Parent Taylor Chorney 20 0 3 2
4 Tobias Enstrom Braydon Coburn 10 0 2 3
PowerPlay Forward
Center Left Wing Right Wing Time % Phy DF OF
1 Jordan Staal Alexander Frolov Claude Giroux 60 0 1 4
2 Gilbert Brule Fabian Brunnstrom Michael Grabner 40 0 2 3
PowerPlay Defense
Defense Defense Time % Phy DF OF
1 Tobias Enstrom Marc-Édouard Vlasic 60 0 2 3
2 John Klingberg Braydon Coburn 40 0 3 2
Penalty Kill 4 Players Forward
Center Wing Time % Phy DF OF
1 Jordan Staal Claude Giroux 60 0 4 1
2 Gilbert Brule Eric Nystrom 40 0 4 1
Penalty Kill 4 Players Defense
Defense Defense Time % Phy DF OF
1 Tobias Enstrom Braydon Coburn 60 0 5 0
2 Ryan Parent Marc-Édouard Vlasic 40 0 5 0
Penalty Kill - 3 Players Forward
Forward Time % Phy DF OF
1 Jordan Staal 60 0 4 1
2 Gilbert Brule 40 0 4 1
Penalty Kill - 3 Players Defense
Defense Defense Time % Phy DF OF
1 Tobias Enstrom Taylor Chorney 60 0 5 0
2 Taylor Chorney Tobias Enstrom 40 0 5 0
4 vs 4 Forward
Center Wing Time % Phy DF OF
1 Jordan Staal Claude Giroux 60 0 2 3
2 Gilbert Brule Michael Grabner 40 0 2 3
4 vs 4 Defense
Defense Defense Time % Phy DF OF
1 Tobias Enstrom Braydon Coburn 60 0 3 2
2 Ryan Parent Marc-Édouard Vlasic 40 0 3 2
Last Minutes Offensive
Center Left Wing Right Wing Defense Defense
Jordan Staal Alexander Frolov Claude Giroux Tobias Enstrom Marc-Édouard Vlasic
Last Minutes Defensive
Center Left Wing Right Wing Defense Defense
Jordan Staal Alexander Frolov Claude Giroux Braydon Coburn Taylor Chorney
Goaltenders
Starting : Marc-André Fleury
Backup : Alex Stalock
Extra Forwards
Normal : Michael Grabner, Eric Nystrom, Blake Comeau - PP : Michael Grabner, Eric Nystrom - PK : Blake Comeau
Extra Defensemen
Normal : John Klingberg, Ryan Parent, Marc-Édouard Vlasic - PP : Ryan Parent - PK : Ryan Parent, Taylor Chorney
Penalty Shots
Claude Giroux, Gilbert Brule, Alexander Frolov, Fabian Brunnstrom, Zac Dalpe
Scratches
None
% Time on Ice - Devils
Lines # - Real PCT - Wanted PCT - Time Play
Normal Forward
1 - 35% - 40% - 14:03
2 - 27% - 30% - 10:44
3 - 25% - 20% - 9:57
4 - 13% - 10% - 5:20
Normal Defense
1 - 39% - 40% - 15:37
2 - 31% - 30% - 12:26
3 - 25% - 20% - 10:07
4 - 5% - 10% - 1:54
PP Forward
1 - 61% - 60% - 7:14
2 - 39% - 40% - 4:39
PP Defense
1 - 62% - 60% - 7:21
2 - 38% - 40% - 4:32
PK Forward
1 - 75% - 60% - 6:00
2 - 25% - 40% - 2:03
PK Defense
1 - 52% - 60% - 4:09
2 - 48% - 40% - 3:54
PK3 Forward
1 - 0% - 60%
2 - 0% - 40%
PK3 Defense
1 - 0% - 60%
2 - 0% - 40%
44 Forward
1 - 0% - 60%
2 - 0% - 40%
44 Defense
1 - 0% - 60%
2 - 0% - 40%
Last Minute Offensive - 0:00
Last Minute Defensive - 0:00
Total
Forward - 60:00
Defense - 60:00
|
% Time on Ice - Maple Leafs
Lines # - Real PCT - Wanted PCT - Time Play
Normal Forward
1 - 35% - 40% - 13:56
2 - 26% - 30% - 10:26
3 - 25% - 20% - 10:03
4 - 14% - 10% - 5:39
Normal Defense
1 - 40% - 40% - 15:50
2 - 31% - 30% - 12:31
3 - 26% - 20% - 10:14
4 - 4% - 10% - 1:29
PP Forward
1 - 55% - 60% - 4:28
2 - 45% - 40% - 3:35
PP Defense
1 - 54% - 60% - 4:23
2 - 46% - 40% - 3:40
PK Forward
1 - 69% - 60% - 8:12
2 - 31% - 40% - 3:41
PK Defense
1 - 55% - 60% - 6:34
2 - 45% - 40% - 5:19
PK3 Forward
1 - 0% - 60%
2 - 0% - 40%
PK3 Defense
1 - 0% - 60%
2 - 0% - 40%
44 Forward
1 - 0% - 60%
2 - 0% - 40%
44 Defense
1 - 0% - 60%
2 - 0% - 40%
Last Minute Offensive - 0:00
Last Minute Defensive - 0:00
Total
Forward - 60:00
Defense - 60:00
|
Play by Play
1st period
0:01 of 1st period - Matt Duchene wins face-off versus Gilbert Brule in neutral zone.
0:26 of 1st period - Jordan Eberle is hit by Michael Grabner and loses puck.
0:37 of 1st period - Snap shot by Ted Purcell.
0:37 of 1st period - Stopped by Marc-André Fleury without a rebound.
0:38 of 1st period - Brad Richardson wins face-off versus Evgeny Grachev in Maple Leafs zone.
0:43 of 1st period - Slapshot by Brad Richardson.
0:43 of 1st period - Shot Misses the Net.
0:49 of 1st period - Slapshot by Tobias Enstrom.
0:49 of 1st period - Shot Blocked by Shea Weber.
0:51 of 1st period - Slapshot by Tobias Enstrom.
0:51 of 1st period - Stopped by James Reimer with a rebound.
0:53 of 1st period - Slapshot by Tobias Enstrom.
0:53 of 1st period - Stopped by James Reimer with a rebound.
1:27 of 1st period - Off-side.
1:28 of 1st period - Matt Duchene wins face-off versus Gilbert Brule in neutral zone.
1:37 of 1st period - Wrist shot by Steve Downie.
1:37 of 1st period - Shot Misses the Net.
1:39 of 1st period - Slapshot by Adam Pardy.
1:39 of 1st period - Stopped by Marc-André Fleury with a rebound.
1:41 of 1st period - Wrist shot by Matt Duchene.
1:41 of 1st period - Shot Misses the Net.
1:43 of 1st period - Wrist shot by Steve Downie.
1:43 of 1st period - Deflect By Ilya Kovalchuk.
1:43 of 1st period - Shot Misses the Net.
1:43 of 1st period - Puck is out of play.
1:44 of 1st period - Jonathan Toews wins face-off versus Fabian Brunnstrom in Maple Leafs zone.
1:47 of 1st period - Wrist shot by Jordan Eberle.
1:47 of 1st period - Stopped by Marc-André Fleury with a rebound.
1:49 of 1st period - Wrist shot by Jordan Eberle.
1:49 of 1st period - Stopped by Marc-André Fleury without a rebound.
1:50 of 1st period - Ted Purcell wins face-off versus Jordan Staal in Maple Leafs zone.
1:51 of 1st period - Backhand shot by Jordan Eberle.
1:51 of 1st period - Stopped by Marc-André Fleury with a rebound.
1:53 of 1st period - Snap shot by Ted Purcell.
1:53 of 1st period - Shot Misses the Net.
1:55 of 1st period - Snap shot by Jordan Eberle.
1:55 of 1st period - Shot Blocked by Michael Grabner.
1:57 of 1st period - Wrist shot by Jordan Eberle.
1:57 of 1st period - Stopped by Marc-André Fleury with a rebound.
2:01 of 1st period - Snap shot by Jonathan Toews.
2:01 of 1st period - Stopped by Marc-André Fleury without a rebound.
2:02 of 1st period - Matt Duchene wins face-off versus Gilbert Brule in Maple Leafs zone.
2:31 of 1st period - Wrist shot by Jamie Benn.
2:31 of 1st period - Stopped by James Reimer with a rebound.
2:33 of 1st period - Slapshot by Braydon Coburn.
2:33 of 1st period - Shot Misses the Net.
2:35 of 1st period - Slapshot by Marc-Édouard Vlasic.
2:35 of 1st period - Shot Blocked by Jordan Eberle.
3:53 of 1st period - Icing by Adam Pardy.
3:54 of 1st period - Evgeny Grachev wins face-off versus Matt Duchene in Devils zone.
3:55 of 1st period - Snap shot by Jamie Benn.
3:55 of 1st period - Deflect By Evgeny Grachev.
3:55 of 1st period - Shot Blocked by Steve Downie.
3:55 of 1st period - Puck is out of play.
3:56 of 1st period - Jonathan Toews wins face-off versus Evgeny Grachev in Devils zone.
3:56 of 1st period - Jonathan Toews is hit by Evgeny Grachev.
4:02 of 1st period - Evgeny Grachev is hit by Ted Purcell.
4:08 of 1st period - Slapshot by Marc-Édouard Vlasic.
4:08 of 1st period - Stopped by James Reimer with a rebound.
4:26 of 1st period - Snap shot by Jordan Staal.
4:26 of 1st period - Shot Misses the Net.
4:28 of 1st period - Wrist shot by Marc-Édouard Vlasic.
4:28 of 1st period - Stopped by James Reimer with a rebound.
4:42 of 1st period - Minor Penalty to Tyler Cuma for Holding.
4:43 of 1st period - Jordan Staal wins face-off versus Dominic Moore in Devils zone.
6:13 of 1st period - Alexander Frolov is hit by Adam Larsson and loses puck.
6:42 of 1st period - Penalty to Tyler Cuma is over, Tyler Cuma is back on ice.
6:54 of 1st period - Snap shot by Tyler Cuma.
6:54 of 1st period - Stopped by Marc-André Fleury with a rebound.
7:00 of 1st period - Tyler Cuma is hit by Colby Armstrong and loses puck.
7:31 of 1st period - Backhand shot by Erik Christensen.
7:31 of 1st period - Stopped by Marc-André Fleury with a rebound.
7:51 of 1st period - John Klingberg is hit by Shea Weber and loses puck.
8:22 of 1st period - Snap shot by Erik Christensen.
8:22 of 1st period - Deflect By Braydon Coburn.
8:22 of 1st period - Stopped by Marc-André Fleury without a rebound.
8:23 of 1st period - Dominic Moore wins face-off versus Evgeny Grachev in Maple Leafs zone.
8:34 of 1st period - Snap shot by Dominic Moore.
8:34 of 1st period - Shot Misses the Net.
8:38 of 1st period - Wrist shot by Dominic Moore.
8:38 of 1st period - Stopped by Marc-André Fleury with a rebound.
9:29 of 1st period - Minor Penalty to Gilbert Brule for Hooking.
9:30 of 1st period - Jordan Staal wins face-off versus Jonathan Toews in Maple Leafs zone.
9:41 of 1st period - Jonathan Toews is hit by Claude Giroux and loses puck.
11:29 of 1st period - Penalty to Gilbert Brule is over, Gilbert Brule is back on ice.
11:36 of 1st period - Kellan Lain is hit by Evgeny Grachev and loses puck.
11:43 of 1st period - Slapshot by Brad Richardson.
11:43 of 1st period - Stopped by Marc-André Fleury without a rebound.
11:44 of 1st period - Evgeny Grachev wins face-off versus Erik Christensen in Maple Leafs zone.
11:59 of 1st period - Adam Pardy is hit by Evgeny Grachev and loses puck.
12:35 of 1st period - Icing by Tyler Cuma.
12:36 of 1st period - Jordan Staal wins face-off versus Matt Duchene in Devils zone.
13:17 of 1st period - Backhand shot by Matt Duchene.
13:17 of 1st period - Shot Blocked by Michael Grabner.
13:25 of 1st period - Wrist shot by Ilya Kovalchuk.
13:25 of 1st period - Stopped by Marc-André Fleury without a rebound.
13:26 of 1st period - Gilbert Brule wins face-off versus Jonathan Toews in Maple Leafs zone.
13:53 of 1st period - Jamie Benn is hit by Shea Weber and loses puck.
15:26 of 1st period - Blake Comeau is hit by Kyle Cumiskey.
15:41 of 1st period - Icing by Tobias Enstrom.
15:42 of 1st period - Jonathan Toews wins face-off versus Gilbert Brule in Maple Leafs zone.
15:43 of 1st period - Slapshot by Jordan Eberle.
15:43 of 1st period - Shot Misses the Net.
15:45 of 1st period - Snap shot by Jonathan Toews.
15:45 of 1st period - Deflect By Jordan Eberle.
15:45 of 1st period - Stopped by Marc-André Fleury without a rebound.
15:46 of 1st period - Jonathan Toews wins face-off versus Gilbert Brule in Maple Leafs zone.
15:50 of 1st period - Double Minor Penalty to Gilbert Brule for Slashing.
15:51 of 1st period - Claude Giroux wins face-off versus Jonathan Toews in Maple Leafs zone.
15:51 of 1st period - Claude Giroux is hit by Jordan Eberle.
16:54 of 1st period - Ilya Kovalchuk is hit by Ryan Parent and loses puck.
17:07 of 1st period - Shea Weber is hit by Zac Dalpe and loses puck.
17:14 of 1st period - Alexander Frolov is hit by Tyler Cuma and loses puck.
17:57 of 1st period - Ryan Parent is hit by Jonathan Toews and loses puck.
18:12 of 1st period - Wrist shot by Ilya Kovalchuk.
18:12 of 1st period - Stopped by Marc-André Fleury without a rebound.
18:13 of 1st period - Matt Duchene wins face-off versus Blake Comeau in Maple Leafs zone.
18:22 of 1st period - Snap shot by Ted Purcell.
18:22 of 1st period - Stopped by Marc-André Fleury with a rebound.
18:24 of 1st period - Snap shot by Ted Purcell.
18:24 of 1st period - Shot Blocked by Eric Nystrom.
19:50 of 1st period - Penalty to Gilbert Brule is over, Gilbert Brule is back on ice.
19:53 of 1st period - Snap shot by Erik Christensen.
19:53 of 1st period - Stopped by Marc-André Fleury without a rebound.
19:54 of 1st period - Brad Richardson wins face-off versus Evgeny Grachev in Maple Leafs zone.
Goals for this period are 0 for Devils vs 0 for Maple Leafs.
Shots for this period are 17 for Devils vs 5 for Maple Leafs.
2nd period
0:01 of 2nd period - Matt Duchene wins face-off versus Gilbert Brule in neutral zone.
0:26 of 2nd period - Fabian Brunnstrom is hit by Jordan Eberle and loses puck.
0:35 of 2nd period - Wrist shot by Jordan Eberle.
0:35 of 2nd period - Stopped by Marc-André Fleury with a rebound.
0:37 of 2nd period - Minor Penalty to Fabian Brunnstrom for Hooking.
0:38 of 2nd period - Jordan Staal wins face-off versus Jonathan Toews in Maple Leafs zone.
0:55 of 2nd period - Slapshot by Jordan Staal.
0:55 of 2nd period - Stopped by James Reimer with a rebound.
1:01 of 2nd period - Jordan Staal is hit by Ilya Kovalchuk and loses puck.
1:12 of 2nd period - Snap shot by Jordan Eberle.
1:12 of 2nd period - Deflect By Ilya Kovalchuk.
1:12 of 2nd period - Stopped by Marc-André Fleury with a rebound.
1:14 of 2nd period - Snap shot by Ilya Kovalchuk.
1:14 of 2nd period - Shot Blocked by Tobias Enstrom.
1:48 of 2nd period - Backhand shot by Ilya Kovalchuk.
1:48 of 2nd period - Shot Blocked by Ryan Parent.
1:50 of 2nd period - Slapshot by Shea Weber.
1:50 of 2nd period - Stopped by Marc-André Fleury with a rebound.
1:52 of 2nd period - Wrist shot by Ilya Kovalchuk.
1:52 of 2nd period - Deflect By Jordan Eberle.
1:52 of 2nd period - Goal by Jordan Eberle - Devils : 1 - Maple Leafs : 0.
1:53 of 2nd period - Erik Christensen wins face-off versus Gilbert Brule in neutral zone.
2:00 of 2nd period - Wrist shot by Erik Christensen.
2:00 of 2nd period - Stopped by Marc-André Fleury with a rebound.
2:06 of 2nd period - Wrist shot by Claude Giroux.
2:06 of 2nd period - Shot Blocked by Adam Pardy.
2:16 of 2nd period - Jordan Staal is hit by Brandon Bollig and loses puck.
2:25 of 2nd period - Slapshot by Dominic Moore.
2:25 of 2nd period - Deflect By Anthony Stewart.
2:25 of 2nd period - Shot Blocked by Jordan Staal.
2:25 of 2nd period - Puck is out of play.
2:26 of 2nd period - Gilbert Brule wins face-off versus Erik Christensen in Maple Leafs zone.
2:31 of 2nd period - Ryan Whitney is hit by Gilbert Brule and loses puck.
2:40 of 2nd period - Slapshot by Claude Giroux.
2:40 of 2nd period - Stopped by James Reimer with a rebound.
2:42 of 2nd period - Slapshot by Braydon Coburn.
2:42 of 2nd period - Stopped by James Reimer with a rebound.
2:52 of 2nd period - Snap shot by Evgeny Grachev.
2:52 of 2nd period - Shot Blocked by Ryan Whitney.
2:54 of 2nd period - Wrist shot by Evgeny Grachev.
2:54 of 2nd period - Deflect By Ryan Whitney.
2:54 of 2nd period - Shot Blocked by Tyler Cuma.
2:54 of 2nd period - Puck is out of play.
2:55 of 2nd period - Matt Duchene wins face-off versus Evgeny Grachev in Devils zone.
3:02 of 2nd period - Wrist shot by Jamie Benn.
3:02 of 2nd period - Shot Misses the Net.
3:48 of 2nd period - Snap shot by Kellan Lain.
3:48 of 2nd period - Shot Misses the Net.
3:54 of 2nd period - Snap shot by Erik Christensen.
3:54 of 2nd period - Shot Blocked by Gilbert Brule.
4:50 of 2nd period - Ted Purcell is hit by Braydon Coburn.
6:31 of 2nd period - Claude Giroux is hit by Tyler Cuma.
6:44 of 2nd period - Gilbert Brule is hit by Steve Downie and loses puck.
6:57 of 2nd period - Adam Pardy is hit by Colby Armstrong and loses puck.
7:02 of 2nd period - Wrist shot by Evgeny Grachev.
7:02 of 2nd period - Stopped by James Reimer without a rebound.
7:03 of 2nd period - Jordan Staal wins face-off versus Jonathan Toews in Devils zone.
7:06 of 2nd period - Snap shot by Jordan Staal.
7:06 of 2nd period - Shot Blocked by Adam Pardy.
7:14 of 2nd period - Tobias Enstrom is hit by Jordan Eberle and loses puck.
7:29 of 2nd period - Matt Duchene is hit by Tobias Enstrom and loses puck.
7:53 of 2nd period - Slapshot by Jamie Benn.
7:53 of 2nd period - Stopped by James Reimer with a rebound.
8:02 of 2nd period - Off-side.
8:03 of 2nd period - Jordan Staal wins face-off versus Steve Downie in neutral zone.
8:06 of 2nd period - Slapshot by Ilya Kovalchuk.
8:06 of 2nd period - Deflect By Braydon Coburn.
8:06 of 2nd period - Stopped by Marc-André Fleury without a rebound.
8:07 of 2nd period - Jordan Staal wins face-off versus Matt Duchene in Maple Leafs zone.
8:07 of 2nd period - Jordan Staal is hit by Adam Larsson.
8:33 of 2nd period - Snap shot by Ted Purcell.
8:33 of 2nd period - Shot Misses the Net.
9:22 of 2nd period - Icing by Braydon Coburn.
9:23 of 2nd period - Gilbert Brule wins face-off versus Matt Duchene in Maple Leafs zone.
9:28 of 2nd period - Snap shot by Claude Giroux.
9:28 of 2nd period - Shot Blocked by Steve Downie.
9:51 of 2nd period - Icing by Jonathan Toews.
9:52 of 2nd period - Jonathan Toews wins face-off versus Evgeny Grachev in Devils zone.
9:52 of 2nd period - Jonathan Toews is hit by Jamie Benn.
10:27 of 2nd period - Wrist shot by Jamie Benn.
10:27 of 2nd period - Shot Misses the Net.
10:38 of 2nd period - Off-side.
10:39 of 2nd period - Gilbert Brule wins face-off versus Matt Duchene in neutral zone.
10:50 of 2nd period - Snap shot by Claude Giroux.
10:50 of 2nd period - Shot Blocked by Steve Downie.
11:12 of 2nd period - Slapshot by Michael Grabner.
11:12 of 2nd period - Shot Misses the Net.
11:14 of 2nd period - Wrist shot by Michael Grabner.
11:14 of 2nd period - Stopped by James Reimer without a rebound.
11:15 of 2nd period - Erik Christensen wins face-off versus Jordan Staal in Devils zone.
11:41 of 2nd period - Marc-Édouard Vlasic is hit by Adam Larsson and loses puck.
11:48 of 2nd period - Adam Larsson is hit by Claude Giroux.
11:54 of 2nd period - Alexander Frolov is hit by Matt Duchene.
12:30 of 2nd period - Snap shot by Zac Dalpe.
12:30 of 2nd period - Shot Blocked by Dominic Moore.
12:32 of 2nd period - Backhand shot by Zac Dalpe.
12:32 of 2nd period - Stopped by James Reimer without a rebound.
12:33 of 2nd period - Gilbert Brule wins face-off versus Matt Duchene in Devils zone.
12:34 of 2nd period - Snap shot by Claude Giroux.
12:34 of 2nd period - Stopped by James Reimer without a rebound.
12:35 of 2nd period - Gilbert Brule wins face-off versus Steve Downie in Devils zone.
12:48 of 2nd period - Wrist shot by Alexander Frolov.
12:48 of 2nd period - Shot Misses the Net.
12:56 of 2nd period - Marc-Édouard Vlasic is hit by Tyler Cuma and loses puck.
13:03 of 2nd period - Slapshot by Braydon Coburn.
13:03 of 2nd period - Shot Blocked by Matt Duchene.
13:05 of 2nd period - Snap shot by Braydon Coburn.
13:05 of 2nd period - Deflect By Gilbert Brule.
13:05 of 2nd period - Shot Misses the Net.
13:05 of 2nd period - Puck is out of play.
13:06 of 2nd period - Jonathan Toews wins face-off versus Jordan Staal in Devils zone.
13:13 of 2nd period - John Klingberg is hit by Ted Purcell and loses puck.
13:20 of 2nd period - Snap shot by Jordan Staal.
13:20 of 2nd period - Shot Blocked by Jordan Eberle.
13:22 of 2nd period - Snap shot by John Klingberg.
13:22 of 2nd period - Stopped by James Reimer without a rebound.
13:23 of 2nd period - Matt Duchene wins face-off versus Gilbert Brule in Devils zone.
13:28 of 2nd period - Snap shot by Tyler Cuma.
13:28 of 2nd period - Deflect By Ilya Kovalchuk.
13:28 of 2nd period - Stopped by Marc-André Fleury without a rebound.
13:29 of 2nd period - Gilbert Brule wins face-off versus Ilya Kovalchuk in Maple Leafs zone.
14:07 of 2nd period - Snap shot by Brad Richardson.
14:07 of 2nd period - Shot Misses the Net.
14:15 of 2nd period - Minor Penalty to Gilbert Brule for Slashing.
14:16 of 2nd period - Jonathan Toews wins face-off versus Jordan Staal in Maple Leafs zone.
14:33 of 2nd period - Wrist shot by Ilya Kovalchuk.
14:33 of 2nd period - Shot Misses the Net.
15:04 of 2nd period - Tobias Enstrom is hit by Steve Downie and loses puck.
15:15 of 2nd period - Snap shot by Matt Duchene.
15:15 of 2nd period - Shot Blocked by Jordan Staal.
15:27 of 2nd period - Snap shot by Eric Nystrom.
15:27 of 2nd period - Shot Misses the Net.
15:51 of 2nd period - Jordan Staal is hit by Shea Weber and loses puck.
16:15 of 2nd period - Penalty to Gilbert Brule is over, Gilbert Brule is back on ice.
16:19 of 2nd period - Tobias Enstrom is hit by Brad Richardson.
16:35 of 2nd period - Kellan Lain is hit by Tobias Enstrom and loses puck.
16:46 of 2nd period - Snap shot by Gilbert Brule.
16:46 of 2nd period - Shot Misses the Net.
16:48 of 2nd period - Snap shot by Eric Nystrom.
16:48 of 2nd period - Shot Misses the Net.
16:50 of 2nd period - Slapshot by John Klingberg.
16:50 of 2nd period - Deflect By Kellan Lain.
16:50 of 2nd period - Stopped by James Reimer without a rebound.
16:51 of 2nd period - Matt Duchene wins face-off versus Evgeny Grachev in Devils zone.
16:51 of 2nd period - Matt Duchene is hit by Braydon Coburn.
18:29 of 2nd period - Backhand shot by Fabian Brunnstrom.
18:29 of 2nd period - Stopped by James Reimer with a rebound.
18:31 of 2nd period - Slapshot by Tobias Enstrom.
18:31 of 2nd period - Shot Misses the Net.
18:43 of 2nd period - Slapshot by Blake Comeau.
18:43 of 2nd period - Stopped by James Reimer with a rebound.
19:33 of 2nd period - Jamie Benn is hit by Tyler Cuma and loses puck.
19:59 of 2nd period - Minor Penalty to Brandon Bollig for Tripping.
Goals for this period are 1 for Devils vs 0 for Maple Leafs.
Shots for this period are 7 for Devils vs 12 for Maple Leafs.
Goals for this period are 1 for Devils vs 0 for Maple Leafs.
Shots for this period are 7 for Devils vs 12 for Maple Leafs.
3rd period
0:01 of 3rd period - Jordan Staal wins face-off versus Dominic Moore in neutral zone.
0:56 of 3rd period - John Klingberg is hit by Kellan Lain and loses puck.
1:21 of 3rd period - Wrist shot by Matt Duchene.
1:21 of 3rd period - Shot Misses the Net.
1:39 of 3rd period - Michael Grabner is hit by Tyler Cuma and loses puck.
1:59 of 3rd period - Penalty to Brandon Bollig is over, Brandon Bollig is back on ice.
2:04 of 3rd period - Snap shot by Eric Nystrom.
2:04 of 3rd period - Stopped by James Reimer without a rebound.
2:05 of 3rd period - Zac Dalpe wins face-off versus Matt Duchene in Devils zone.
2:06 of 3rd period - Wrist shot by Eric Nystrom.
2:06 of 3rd period - Shot Blocked by Steve Downie.
2:20 of 3rd period - Snap shot by Zac Dalpe.
2:20 of 3rd period - Shot Blocked by Kyle Cumiskey.
3:29 of 3rd period - Backhand shot by Zac Dalpe.
3:29 of 3rd period - Stopped by James Reimer without a rebound.
3:30 of 3rd period - Jonathan Toews wins face-off versus Gilbert Brule in Devils zone.
5:03 of 3rd period - Slapshot by Ted Purcell.
5:03 of 3rd period - Shot Blocked by Braydon Coburn.
5:05 of 3rd period - Slapshot by Ryan Whitney.
5:05 of 3rd period - Deflect By Braydon Coburn.
5:05 of 3rd period - Stopped by Marc-André Fleury with a rebound.
5:28 of 3rd period - Off-side.
5:29 of 3rd period - Erik Christensen wins face-off versus Gilbert Brule in neutral zone.
5:36 of 3rd period - Slapshot by Shea Weber.
5:36 of 3rd period - Deflect By Claude Giroux.
5:36 of 3rd period - Stopped by Marc-André Fleury without a rebound.
5:37 of 3rd period - Gilbert Brule wins face-off versus Erik Christensen in Maple Leafs zone.
5:50 of 3rd period - Slapshot by Claude Giroux.
5:50 of 3rd period - Stopped by James Reimer without a rebound.
5:51 of 3rd period - Matt Duchene wins face-off versus Gilbert Brule in Devils zone.
5:56 of 3rd period - Snap shot by Ilya Kovalchuk.
5:56 of 3rd period - Stopped by Marc-André Fleury without a rebound.
5:57 of 3rd period - Gilbert Brule wins face-off versus Matt Duchene in Maple Leafs zone.
5:57 of 3rd period - Gilbert Brule is hit by Matt Duchene.
6:03 of 3rd period - Steve Downie is hit by Alexander Frolov and loses puck.
6:28 of 3rd period - Wrist shot by Kellan Lain.
6:28 of 3rd period - Stopped by Marc-André Fleury with a rebound.
6:30 of 3rd period - Wrist shot by Brad Richardson.
6:30 of 3rd period - Stopped by Marc-André Fleury without a rebound.
6:31 of 3rd period - Jordan Staal wins face-off versus Erik Christensen in Maple Leafs zone.
6:31 of 3rd period - Jordan Staal is hit by Adam Larsson.
7:12 of 3rd period - Minor Penalty to Ilya Kovalchuk for Interference.
7:13 of 3rd period - Jordan Staal wins face-off versus Dominic Moore in Devils zone.
8:22 of 3rd period - Tobias Enstrom is hit by Matt Duchene and loses puck.
9:12 of 3rd period - Penalty to Ilya Kovalchuk is over, Ilya Kovalchuk is back on ice.
9:40 of 3rd period - Snap shot by Jordan Eberle.
9:40 of 3rd period - Deflect By Taylor Chorney.
9:40 of 3rd period - Shot Misses the Net.
9:40 of 3rd period - Puck is out of play.
9:41 of 3rd period - Evgeny Grachev wins face-off versus Erik Christensen in Maple Leafs zone.
9:41 of 3rd period - Evgeny Grachev is hit by Adam Pardy.
10:08 of 3rd period - Minor Penalty to Adam Pardy for Hooking.
10:09 of 3rd period - Jordan Staal wins face-off versus Dominic Moore in Devils zone.
10:24 of 3rd period - Wrist shot by Claude Giroux.
10:24 of 3rd period - Goal by Claude Giroux - Devils : 1 - Maple Leafs : 1.
10:25 of 3rd period - Matt Duchene wins face-off versus Gilbert Brule in neutral zone.
10:28 of 3rd period - Claude Giroux is hit by Matt Duchene and loses puck.
10:51 of 3rd period - Jordan Staal is hit by Ryan Whitney and loses puck.
10:56 of 3rd period - Slapshot by Jonathan Toews.
10:56 of 3rd period - Shot Misses the Net.
10:58 of 3rd period - Slapshot by Adam Larsson.
10:58 of 3rd period - Deflect By Jonathan Toews.
10:58 of 3rd period - Stopped by Marc-André Fleury with a rebound.
11:00 of 3rd period - Snap shot by Jonathan Toews.
11:00 of 3rd period - Goal by Jonathan Toews - Devils : 2 - Maple Leafs : 1.
11:01 of 3rd period - Matt Duchene wins face-off versus Gilbert Brule in neutral zone.
11:06 of 3rd period - Slapshot by Ryan Whitney.
11:06 of 3rd period - Deflect By Matt Duchene.
11:06 of 3rd period - Shot Blocked by Gilbert Brule.
11:06 of 3rd period - Puck is out of play.
11:07 of 3rd period - Gilbert Brule wins face-off versus Ilya Kovalchuk in Maple Leafs zone.
12:22 of 3rd period - Slapshot by Claude Giroux.
12:22 of 3rd period - Deflect By Gilbert Brule.
12:22 of 3rd period - Stopped by James Reimer with a rebound.
12:24 of 3rd period - Snap shot by Ryan Parent.
12:24 of 3rd period - Stopped by James Reimer with a rebound.
12:46 of 3rd period - Snap shot by Steve Downie.
12:46 of 3rd period - Stopped by Marc-André Fleury without a rebound.
12:47 of 3rd period - Gilbert Brule wins face-off versus Jonathan Toews in Maple Leafs zone.
12:49 of 3rd period - Minor Penalty to Claude Giroux for Hooking.
12:50 of 3rd period - Jonathan Toews wins face-off versus Jordan Staal in Maple Leafs zone.
12:50 of 3rd period - Snap shot by Ilya Kovalchuk.
12:50 of 3rd period - Stopped by Marc-André Fleury with a rebound.
14:49 of 3rd period - Penalty to Claude Giroux is over, Claude Giroux is back on ice.
15:11 of 3rd period - Icing by Marc-Édouard Vlasic.
15:12 of 3rd period - Dominic Moore wins face-off versus Jordan Staal in Maple Leafs zone.
15:15 of 3rd period - Wrist shot by Brandon Bollig.
15:15 of 3rd period - Shot Misses the Net.
16:27 of 3rd period - Snap shot by Brad Richardson.
16:27 of 3rd period - Stopped by Marc-André Fleury without a rebound.
16:28 of 3rd period - Erik Christensen wins face-off versus Evgeny Grachev in Maple Leafs zone.
17:13 of 3rd period - Minor Penalty to Blake Comeau for Goalie Interference.
17:14 of 3rd period - Jonathan Toews wins face-off versus Jordan Staal in Maple Leafs zone.
17:15 of 3rd period - Snap shot by Ilya Kovalchuk.
17:15 of 3rd period - Deflect By Jonathan Toews.
17:15 of 3rd period - Stopped by Marc-André Fleury with a rebound.
17:17 of 3rd period - Slapshot by Jonathan Toews.
17:17 of 3rd period - Shot Misses the Net.
17:19 of 3rd period - Wrist shot by Jonathan Toews.
17:19 of 3rd period - Stopped by Marc-André Fleury with a rebound.
17:21 of 3rd period - Snap shot by Ilya Kovalchuk.
17:21 of 3rd period - Shot Blocked by Braydon Coburn.
17:23 of 3rd period - Slapshot by Shea Weber.
17:23 of 3rd period - Stopped by Marc-André Fleury without a rebound.
17:24 of 3rd period - Jordan Staal wins face-off versus Jonathan Toews in Maple Leafs zone.
17:41 of 3rd period - Slapshot by Ilya Kovalchuk.
17:41 of 3rd period - Stopped by Marc-André Fleury with a rebound.
17:55 of 3rd period - Wrist shot by Jordan Eberle.
17:55 of 3rd period - Deflect By Ilya Kovalchuk.
17:55 of 3rd period - Goal by Ilya Kovalchuk - Devils : 3 - Maple Leafs : 1.
17:56 of 3rd period - Evgeny Grachev wins face-off versus Brad Richardson in neutral zone.
17:58 of 3rd period - Braydon Coburn is hit by Kellan Lain and loses puck.
18:07 of 3rd period - Slapshot by Braydon Coburn.
18:07 of 3rd period - Deflect By Colby Armstrong.
18:07 of 3rd period - Stopped by James Reimer with a rebound.
18:09 of 3rd period - Minor Penalty to Erik Christensen for Interference.
18:10 of 3rd period - Jordan Staal wins face-off versus Dominic Moore in Devils zone.
19:50 of 3rd period - Claude Giroux is hit by Matt Duchene and loses puck.
Goals for this period are 2 for Devils vs 1 for Maple Leafs.
Shots for this period are 15 for Devils vs 7 for Maple Leafs.
Back to the Top